 Dungeon Crawl Stone Soup version 0.18-a0-1186-gd02dc51 (webtiles) character file.

1293 4thArraOfDagon the Basher (level 8, -15/78 HPs)
             Began as an Ogre Berserker on Jan 28, 2016.
             Was a Follower of Trog.
             Demolished by a komodo dragon (21 damage)
             ... on level 10 of the Dungeon.
             The game lasted 00:07:49 (1400 turns).

4thArraOfDagon the Basher (Ogre Berserker)          Turns: 1400, Time: 00:07:49

Health: -15/78     AC:  9    Str: 25    XL:     8   Next: 56%
Magic:  8/8        EV: 12    Int:  6    God:    Trog [*.....]
Gold:   231        SH:  0    Dex:  9    Spells: 0 memorised, 7 levels left

rFire  + . .     SeeInvis .     e - +2 great mace (protect)
rCold  . . .     Gourm    .     b - +0 animal skin
rNeg   . . .     Faith    .     (shield currently unavailable)
rPois  .         Spirit   .     (helmet restricted)
rElec  .         Dismiss  .     a - +0 cloak
rCorr  .         Reflect  .     (gloves unavailable)
SustAt .         Harm     .     (boots unavailable)
MR     .....                    (no amulet)
Stlth  +.........               f - ring of protection from fire
                                d - +3 ring of evasion

@: exhausted, slowed, drained, very slow, not resistant to hostile enchantments,
very unstealthy
A: unfitting armour, tough skin 1
a: Berserk, Burn Spellbooks, Renounce Religion


You were on level 10 of the Dungeon.
You worshipped Trog.
Trog was aware of your devotion.
You were hungry.

You visited 1 branch of the dungeon, and saw 11 of its levels.

You collected 231 gold pieces.

Inventory:

Hand Weapons
 e - a +2 great mace of protection (weapon)
 g - a +2 whip of draining
 h - a +0 giant club
 m - a cursed +0 war axe
Armour
 a - a +0 cloak (worn)
 b - a +0 animal skin (worn)
Jewellery
 d - a +3 ring of evasion (left hand)
 f - a ring of protection from fire (right hand)
Wands
 q - a wand of digging (8/24)
Scrolls
 n - 2 scrolls of enchant armour
Potions
 i - a potion of curing
 j - a potion of flight
Comestibles
 c - 2 bread rations
 k - 8 chunks of flesh
 l - a meat ration


   Skills:
 - Level 4.0(2.9) Fighting
 * Level 13.2(11.9) Maces & Flails
 - Level 2.6(1.6) Dodging


You had 7 spell levels left.
You didn't know any spells.

Dungeon Overview and Level Annotations

Branches:
Dungeon (11/15)            Temple (0/1) D:7
   Lair: D:8-11         Orc: D:9-12

Altars:
Dithmenos
Trog

Annotations:
D:5 Dowan, Duvessa
D:9 Grum
D:10 Nergalle


Innate Abilities, Weirdness & Mutations

You are too large for most types of armour.
You have tough skin (AC +1).


Message History

You feel protected!
e - a +2 great mace of protection (weapon)
Okay, then.
Enter note: too late Unknown command.
Drink which item? (? for menu, Esc to quit)
Okay, then.
Unknown command.
The komodo dragon bites you!!
* * * LOW HITPOINT WARNING * * *
The komodo dragon bites you.
* * * LOW HITPOINT WARNING * * *
Unknown command.
Unknown command.
Unknown command.
Your skin stops crawling.
You feel less resistant to hostile enchantments.
Unknown command.
The komodo dragon barely misses you. The komodo dragon bites you!!
You die...

### ..#
######.###
#.?@.....###
#...l......#
#........#.#
#........#
#........#
#........#
#........#
#######.##
#!#


You could see a komodo dragon.

Vanquished Creatures
  A wyvern (D:8)
  A hungry ghost (D:9)
  A hippogriff (D:10)
  An orc warrior (D:10)
  A sky beast (D:9)
  2 ogres
  A centaur (D:9)
  2 giant frogs
  A water moccasin skeleton (D:7)
  A wight (D:7)
  2 crimson imps
  An orc wizard (D:10)
  A gnoll (D:2)
  10 adders
  A shadow imp (D:6)
  2 oozes
  An adder zombie (D:5)
  4 orcs
  A bat (D:2)
  2 goblins
  2 hobgoblins
  A quokka (D:2)
  4 kobolds
  A rat (D:1)
45 creatures vanquished.

Notes
Turn   | Place    | Note
--------------------------------------------------------------
     0 | D:1      | 4thArraOfDagon the Ogre Berserker began the quest for the Orb.
     0 | D:1      | Reached XP level 1. HP: 24/24 MP: 1/1
    65 | D:1      | Reached XP level 2. HP: 25/32 MP: 2/2
   240 | D:2      | Found a faded altar to an unknown god.
   245 | D:2      | Reached skill level 5 in Maces & Flails
   363 | D:2      | Reached XP level 3. HP: 30/39 MP: 3/3
   435 | D:3      | Reached skill level 6 in Maces & Flails
   440 | D:3      | Reached XP level 4. HP: 48/48 MP: 4/4
   525 | D:4      | Noticed an ogre
   539 | D:4      | Killed an ogre
   539 | D:4      | Reached skill level 7 in Maces & Flails
   539 | D:4      | Reached XP level 5. HP: 54/54 MP: 5/5
   602 | D:4      | Reached skill level 8 in Maces & Flails
   640 | D:5      | Entered Level 5 of the Dungeon
   689 | D:5      | Reached ** piety under Trog
   697 | D:5      | Noticed Dowan
   698 | D:5      | Noticed Duvessa
   721 | D:6      | Reached XP level 6. HP: 33/62 MP: 6/6
   814 | D:7      | Noticed a sky beast
   822 | D:7      | Found a bloodstained altar of Trog.
   835 | D:7      | Reached skill level 9 in Maces & Flails
   903 | D:7      | Noticed a phantom
   937 | D:7      | Found a staircase to the Ecumenical Temple.
   954 | D:7      | Found a shadowy altar of Dithmenos.
   954 | D:7      | Noticed a phantom
   967 | D:8      | Noticed a wyvern
   980 | D:8      | Killed a wyvern
   980 | D:8      | Reached skill level 10 in Maces & Flails
   980 | D:8      | Reached XP level 7. HP: 33/70 MP: 7/7
  1016 | D:8      | Noticed a hungry ghost
  1048 | D:9      | Killed a hungry ghost
  1048 | D:9      | Reached skill level 11 in Maces & Flails
  1065 | D:9      | Reached XP level 8. HP: 15/78 MP: 8/8
  1072 | D:9      | Reached skill level 12 in Maces & Flails
  1120 | D:10     | Entered Level 10 of the Dungeon
  1164 | D:9      | Noticed a yak
  1164 | D:9      | Noticed a yak
  1275 | D:9      | Noticed Grum
  1301 | D:10     | Reached skill level 13 in Maces & Flails
  1342 | D:10     | Noticed Nergalle
  1383 | D:10     | Noticed a spectral orc knight
  1393 | D:10     | Noticed a komodo dragon
  1397 | D:10     | too late
  1397 | D:10     | HP: 3/78 [komodo dragon (5)]
  1400 | D:10     | Demolished by a komodo dragon

Vault maps used:
D:1:      dpeg_arrival_erosion, minivault_25, minivault_5
D:2:      marbit_many_paths, ecumenical_altar_1, grunt_pakellas_basics
D:3:      old_standard_altar, old_standard_altar, serial_corexii_hall,
          corexii_hall_statues_i, corexii_hall_statues_t
D:4:      nicolae_overflow_crystal_walls, corexii_corridor_pit
D:5:      lemuel_zombie_altar_yredelemnul, lemuel_doored_altar,
          gup_sewer_entry_spiral, first_bread, kennysheep_generic_room_14,
          uniq_duvessa
D:6:      minmay_flawed_box, lemuel_round_altar, kennysheep_little_box
D:7:      lightli_temple_of_fire, grunt_dithmenos_shadows,
          minmay_temple_entry_mist, serial_shops, shop
D:8:      nicolae_overflow_hidden_temple, minmay_lair_entry_lava,
          enter_ossuary_4, serial_shops, shop, hangedman_tree_tricks, uniq_erica
D:9:      old_standard_altar, zombieorc2_lemuel, serial_glass, glass_columns_a,
          glass_columns_a, statue_in_the_mist_lemuel, hangedman_corner_corridor,
          uniq_grum
D:10:     serial_shops, nicolae_shop_scaring_up_business, uniq_nergalle
D:11:     basic_altar, nicolae_twisting_strands, uniq_maud

Action                   |  1- 3 |  4- 6 |  7- 9 || total
-------------------------+-------+-------+-------++-------
Melee: Mace              |    13 |       |       ||    13
       Whip              |    34 |    67 |    96 ||   197
       Giant club        |       |    10 |    10 ||    20
Invok: Berserk           |     2 |     4 |     4 ||    10
       Trog's Hand       |       |     1 |     6 ||     7
  Use: Potion            |     4 |       |       ||     4
       Scroll            |       |     2 |     5 ||     7
  Eat: Chunk             |     1 |     5 |     1 ||     7
       Fruit             |       |       |     2 ||     2
       Meat ration       |       |       |     1 ||     1
       Beef jerky        |       |       |     1 ||     1
